General information
- name: BNet
- type: Ladder team game (AT/RT)
- host: Battle.net
- saver: noooooobs
map: TwistedMeadows
- players: 4
- length: 18:39
- speed: Fast
- version: 1.24 W3XP
- replay type: Public
» download(118 KB)
Players
team 1 (winner)

»
EnCuLaCaBraS. (
red | 95 APM | 1779 actions | 18:39)
6 Death Knight
3 Death Coil
3 Unholy Aura
4 Lich
2 Frost Nova
2 Frost Armor
» actions
| Assign group hotkey | 66 | |
| Build / train | 58 | |
| Enter build submenu | 13 | |
| Enter hero's abilities submenu | 10 | |
| Give item / drop item | 1 | |
| Right click | 756 | |
| Select / deselect | 270 | |
| Select group hotkey | 509 | |
| Use ability | 96 | |
1779 total
» units
| Acolyte | 2 | |
| Ghoul | 3 | |
| Crypt Fiend | 14 | |
| Obsidian Statue | 4 | |
23 total
» upgrades
| Creature Attack | 2 | |
| Burrow | 1 | |
| Web | 1 | |
| Destroyer Form | 1 | |
| Creature Carapace | 1 | |
6 total
» buildings
| Graveyard | 1 | |
| Crypt | 1 | |
| Altar of Darkness | 1 | |
| Ziggurat | 6 | |
| Tomb of Relics | 2 | |
| Nerubian Tower | 1 | |
| Halls of the Dead | 1 | |
| Black Citadel | 1 | |
| Slaughterhouse | 2 | |
16 total
» build order
00:13 Graveyard
00:19 Crypt
00:39 Altar of Darkness
00:53 Ziggurat
01:09 Tomb of Relics
01:56 Ziggurat
02:29 Nerubian Tower
04:38 Halls of the Dead
04:55 Ziggurat
06:39 Ziggurat
08:05 Black Citadel
09:57 Slaughterhouse
10:00 Ziggurat
13:26 Ziggurat
14:35 Tomb of Relics
17:58 Slaughterhouse
» items
| Rod of Necromancy | 2 | |
| Potion of Healing | 2 | |
| Potion of Mana | 2 | |
| Orb of Corruption | 1 | |
| Potion of Lesser Invulnerability | 2 | |
| Scroll of Healing | 2 | |
| Scroll of Protection | 1 | |
| Scroll of Town Portal | 1 | |
13 total

»
noooooobs (
purple | 113 APM | 2108 actions | 18:39)
5 Keeper of the Grove
3 Entangling Roots
2 Thorns Aura
3 Pandaren Brewmaster
2 Breath of Fire
1 Drunken Haze
» actions
| Assign group hotkey | 58 | |
| Basic commands | 20 | |
| Build / train | 82 | |
| ESC pressed | 4 | |
| Enter build submenu | 14 | |
| Enter hero's abilities submenu | 8 | |
| Give item / drop item | 2 | |
| Right click | 854 | |
| Select / deselect | 625 | |
| Select group hotkey | 345 | |
| Use ability | 95 | |
2108 total
» units
| Wisp | 24 | |
| Huntress | 14 | |
| Dryad | 8 | |
| Druid of the Claw | 5 | |
51 total
» upgrades
| Ultravision | 1 | |
| Druid of the Claw Training | 2 | |
| Strength of the Wild | 1 | |
| Abolish Magic | 1 | |
| Mark of the Claw | 1 | |
6 total
» buildings
| Altar of Elders | 1 | |
| Moon Well | 6 | |
| Ancient of War | 2 | |
| Hunter's Hall | 1 | |
| Tree of Life | 1 | |
| Ancient of Wonders | 1 | |
| Tree of Ages | 1 | |
| Tree of Eternity | 1 | |
| Ancient of Lore | 2 | |
16 total
» build order
00:06 Altar of Elders
00:18 Moon Well
01:43 Ancient of War
01:46 Hunter's Hall
02:01 Moon Well
02:39 Ancient of War
03:05 Moon Well
04:43 Moon Well
05:28 Tree of Life
05:45 Ancient of Wonders
08:00 Tree of Ages
10:57 Tree of Eternity
11:01 Ancient of Lore
13:36 Ancient of Lore
14:37 Moon Well
14:38 Moon Well
» items
| Boots of Speed | 1 | |
| Lesser Clarity Potion | 7 | |
| Potion of Lesser Invulnerability | 1 | |
| Scroll of Healing | 1 | |
| Scroll of Town Portal | 1 | |
| Orb of Venom | 1 | |
12 total
team 2 (loser)
Chausset (
yellow | 121 APM | 2253 actions | 18:38)
5 Mountain King
3 Storm Bolt
2 Bash
1 Paladin
1 Holy Light
» actions
| Assign group hotkey | 20 | |
| Basic commands | 1 | |
| Build / train | 61 | |
| Enter build submenu | 29 | |
| Enter hero's abilities submenu | 6 | |
| Remove unit from queue | 2 | |
| Right click | 912 | |
| Select / deselect | 333 | |
| Select group hotkey | 823 | |
| Use ability | 66 | |
2253 total
» units
| Peasant | 13 | |
| Footman | 8 | |
| Gryphon Rider | 7 | |
| Knight | 1 | |
29 total
» upgrades
| Masonry | 1 | |
| Swords | 1 | |
| Storm Hammers | 1 | |
3 total
» buildings
| Barracks | 2 | |
| Altar of Kings | 1 | |
| Farm | 7 | |
| Scout Tower | 5 | |
| Arcane Tower | 2 | |
| Arcane Vault | 1 | |
| Keep | 1 | |
| Lumber Mill | 1 | |
| Guard Tower | 3 | |
| Blacksmith | 1 | |
| Castle | 1 | |
| Gryphon Aviary | 2 | |
27 total
» build order
00:07 Barracks
00:12 Altar of Kings
00:19 Farm
00:48 Farm
01:38 Farm
01:58 Scout Tower
02:26 Farm
02:32 Arcane Tower
03:23 Arcane Vault
03:51 Farm
05:30 Scout Tower
05:38 Keep
05:47 Lumber Mill
06:02 Scout Tower
06:49 Guard Tower
06:53 Blacksmith
08:02 Castle
08:05 Barracks
08:09 Gryphon Aviary
08:12 Gryphon Aviary
09:56 Farm
13:39 Farm
15:32 Scout Tower
15:33 Scout Tower
16:13 Guard Tower
16:49 Guard Tower
» items
| Lesser Clarity Potion | 4 | |
| Scroll of Town Portal | 4 | |
| Scroll of Regeneration | 1 | |
| Boots of Speed | 1 | |
| Potion of Mana | 1 | |
| Potion of Healing | 1 | |
12 total
remichausset (
green | 133 APM | 2466 actions | 18:34)
4 Archmage
2 Summon Water Elemental
2 Brilliance Aura
3 Mountain King
2 Storm Bolt
1 Thunder Clap
» actions
| Assign group hotkey | 51 | |
| Basic commands | 1 | |
| Build / train | 72 | |
| Enter build submenu | 28 | |
| Enter hero's abilities submenu | 7 | |
| Remove unit from queue | 1 | |
| Right click | 943 | |
| Select / deselect | 358 | |
| Select group hotkey | 933 | |
| Use ability | 72 | |
2466 total
» units
| Peasant | 29 | |
| Footman | 3 | |
| Rifleman | 13 | |
| Spell Breaker | 3 | |
48 total
» upgrades
| Long Rifles | 1 | |
| Gunpowder | 1 | |
| Masonry | 1 | |
3 total
» buildings
| Barracks | 1 | |
| Altar of Kings | 1 | |
| Farm | 8 | |
| Scout Tower | 8 | |
| Blacksmith | 1 | |
| Arcane Tower | 1 | |
| Keep | 1 | |
| Lumber Mill | 1 | |
| Arcane Vault | 2 | |
| Guard Tower | 5 | |
| Town Hall | 2 | |
| Arcane Sanctum | 2 | |
33 total
» build order
00:06 Barracks
00:10 Altar of Kings
00:21 Farm
00:29 Farm
00:41 Farm
01:28 Scout Tower
01:55 Blacksmith
03:14 Arcane Tower
03:18 Farm
03:33 Farm
05:35 Keep
05:43 Lumber Mill
05:45 Arcane Vault
06:44 Farm
06:45 Farm
06:45 Farm
07:29 Arcane Vault
08:00 Scout Tower
08:02 Scout Tower
08:03 Scout Tower
10:05 Guard Tower
10:43 Town Hall
10:46 Town Hall
10:51 Scout Tower
10:52 Scout Tower
10:53 Scout Tower
10:53 Scout Tower
12:16 Guard Tower
13:01 Guard Tower
13:25 Arcane Sanctum
13:27 Arcane Sanctum
13:32 Guard Tower
13:36 Guard Tower
» items
| Scroll of Regeneration | 2 | |
| Potion of Healing | 1 | |
| Scroll of Town Portal | 1 | |
4 total
Chat log
(00:07 / Allies) EnCuLaCaBraS.: go
(00:07 / Allies) EnCuLaCaBraS.: masss
(00:08 / Allies) EnCuLaCaBraS.: ok?
(00:09 / Allies) noooooobs: y
(00:12 / Allies) noooooobs: potm or dh
(00:16 / Allies) EnCuLaCaBraS.: potm
(00:26 / Allies) EnCuLaCaBraS.: or kotg
(00:38 / Allies) noooooobs: kotg more fun ^^
(00:43 / Allies) EnCuLaCaBraS.: ok :P
(00:43 / Allies) EnCuLaCaBraS.: xd
(01:12 / Allies) noooooobs: kotg it is
(01:20 / Allies) EnCuLaCaBraS.: kotg it is gay
(01:24 / Allies) noooooobs: ;D
(01:26 / Allies) EnCuLaCaBraS.: is gay
(01:37 / Allies) EnCuLaCaBraS.: big ass
(01:38 / Allies) EnCuLaCaBraS.: xd
(02:00 / Allies) EnCuLaCaBraS.: after
(02:03 / Allies) EnCuLaCaBraS.: wisp here
(02:03 / Allies) noooooobs: yy
(03:26 / Allies) noooooobs: it was good choie
(03:28 / Allies) noooooobs: 3 units dead
(03:31 / Allies) EnCuLaCaBraS.: good
(03:32 / Allies) EnCuLaCaBraS.: xd
(03:51 / Allies) EnCuLaCaBraS.: 5
(03:52 / Allies) EnCuLaCaBraS.: 4
(04:21 / Allies) noooooobs: b
(04:45 / Allies) EnCuLaCaBraS.: np
(07:03 / Allies) EnCuLaCaBraS.: ok
(07:03 / Allies) EnCuLaCaBraS.: sec
(07:23 / Allies) EnCuLaCaBraS.: sec
(07:58 / Allies) EnCuLaCaBraS.: meet
(09:22 / Allies) noooooobs: tp
(09:23 / Allies) noooooobs: me
(09:25 / Allies) noooooobs: omfg
(09:29 / Allies) noooooobs: attack
(09:40 / Allies) EnCuLaCaBraS.: b
(11:26 / Allies) EnCuLaCaBraS.: omg
(11:28 / Allies) EnCuLaCaBraS.: imba mk
(11:39 / Allies) noooooobs: go
(12:19 / Allies) noooooobs: hurry dude
(12:34 / Allies) EnCuLaCaBraS.: potions
(15:01 / All) EnCuLaCaBraS.: Gg
(15:18 / Allies) EnCuLaCaBraS.: good
(15:20 / Allies) noooooobs: gj
(15:35 / Allies) noooooobs: need wood
(15:45 / Allies) EnCuLaCaBraS.: sccrolls
(15:45 / Allies) EnCuLaCaBraS.: sec
(15:56 / Allies) EnCuLaCaBraS.: go
(17:42 / Allies) EnCuLaCaBraS.: me b
(18:07 / Allies) EnCuLaCaBraS.: good
(18:11 / Allies) noooooobs: hm
(18:12 / Allies) EnCuLaCaBraS.: gold?
(18:33 / Allies) EnCuLaCaBraS.: ty